Map: Last Fantasy LE

Players

Sindyr

  • Race: Terran Terran
  • League: Master
  • Spawn Location: 12:00

MaKsOnKozub - Winner!

  • Race: Protoss Protoss
  • League: Master
  • Spawn Location: 3:00

VOD

Have the link to the VOD?

Description

Time

  • Played on: Oct. 6, 2025, 5:28 p.m.
  • Length: 4:00
Show
View Real Time Build Order
Export as new Build Order

Sindyr Terran 

Build Orders:  

Get SALT Encoding   

  12  0:02  SCV  
  13  0:14  SCV  
  14  0:23  Supply Depot  
  14  0:26  SCV  
  15  0:45  SCV  
  15  0:47  Barracks  
  16  0:51  Refinery  
  16  0:57  SCV  
  17  1:09  SCV  
  18  1:24  SCV  
  19  1:41  Barracks Tech Lab  
  19  1:43  Command Center  
  19  1:47  Orbital Command  
  19  2:02  Supply Depot  
  19  2:22  Factory  
  19  2:26  SCV  
  19  2:27  Refinery  
  20  2:38  SCV  
  21  2:50  SCV  
  22  3:02  SCV  
  22  3:05  Barracks Reactor  
  23  3:07  Bunker, Orbital Command  
  23  3:14  SCV  
  24  3:23  Starport  
  24  3:28  SCV  
  25  3:40  SCV  
  29  3:49  Barracks Tech Lab  
  30  3:59  Engineering Bay  
Show
View Real Time Build Order
Export as new Build Order

MaKsOnKozub Protoss - Winner!

Build Orders:  

Get SALT Encoding   

  12  0:01  Probe  
  13  0:13  Probe  
  14  0:19  Pylon  
  14  0:25  Probe  
  15  0:37  Probe  
  15  0:41  Gateway  
  17  0:50  Probe  
  17  0:55  Assimilator  
  17  1:00  Assimilator  
  17  1:05  Probe  
  18  1:14  Pylon  
  18  1:17  Probe  
  19  1:29  Probe  
  20  1:33  Cybernetics Core  
  20  1:38  Probe, Gateway  
  20  1:46  Probe  
  21  1:51  Pylon  
  22  1:55  Probe  
  22  1:56  Zealot  
  25  2:11  Twilight Council  
  25  2:23  Zealot  
  25  2:26  Zealot  
  29  2:36  Pylon  
  29  2:50  Zealot  
  31  2:53  Zealot  
  33  3:18  Zealot  
  35  3:20  Zealot  
  35  3:23  Gateway  
  37  3:44  Pylon  
Tags
 
Matchup
PvT
Replay Pack
Multiplayer
Spawn Locations
Close Positions
Add a new tag
Caveats
  • Supply blocks, unpowered buildings, or Contaminate may cause inaccurate times.
  • Supply counts are checked every 10 seconds.